 Dungeon Crawl Stone Soup version 0.28.0 (webtiles) character file.

Game seed: 4527532892242409739

119 boopmooplesden the Covered (level 4, -2/41 HPs)
             Began as a Minotaur Fighter on Feb 10, 2022.
             Slain by a gnoll shaman (7 damage)
             ... on level 3 of the Dungeon.
             The game lasted 00:02:39 (1708 turns).

boopmooplesden the Covered (Minotaur Fighter)       Turns: 1708, Time: 00:02:40

Health: -2/41      AC:  7    Str: 21    XL:     4   Next: 74%
Magic:  3/3        EV:  9    Int:  5    God:
Gold:   94         SH:  4    Dex: 11    Spells: 3/3 levels left

rFire   . . .      SeeInvis .   a - +0 long sword
rCold   . . .      Faith    .   c - +0 buckler
rNeg    . . .      Spirit   .   b - +0 scale mail
rPois   .          Reflect  .   (helmet restricted)
rElec   .          Harm     .   (no cloak)
rCorr   .          Rampage  .   (no gloves)
Will    .....                   (no boots)
Stlth   ..........              (no amulet)
HPRegen 0.13/turn               (no ring)
MPRegen 0.08/turn               (no ring)

@: lit by a corona, glowing
A: horns 2, retaliatory headbutt
a: no special abilities


You were on level 3 of the Dungeon.
You visited 1 branch of the dungeon, and saw 3 of its levels.

You collected 94 gold pieces.

Inventory:

Hand Weapons
 a - a +0 long sword (weapon)
Armour
 b - a +0 scale mail (worn)
 c - a +0 buckler (worn)
 k - the +1 helmet of Beogh's Supremacy {rC+ rN+++ Int+4 Stlth+}
   (You found it on level 2 of the Dungeon)

   Int:       It affects your intelligence (+4).
   rC:        It protects you from cold.
   rN:        It renders you almost immune to negative energy.
   Stlth:     It makes you more stealthy.
Scrolls
 d - a scroll of fog {unknown}
 e - 3 scrolls of teleportation {unknown}
 f - a scroll of enchant armour {unknown}
 g - 2 scrolls of silence {unknown}
 h - a scroll of identify {unknown}
 j - a scroll of magic mapping {unknown}
Potions
 i - a potion of heal wounds
 l - a potion of berserk rage {unknown}


   Skills:
 + Level 4.4 Fighting
 + Level 4.1 Long Blades
 + Level 4.4 Armour
 + Level 0.7 Dodging
 + Level 0.2 Stealth
 + Level 4.1 Shields


You had 3 spell levels left.
You didn't know any spells.
Your spell library contained the following spells:

 Spells                   Type           Power      Damage    Failure   Level
 Apportation              Tloc           0%         N/A       88%         1
 Alistair's Intoxication  Tmut/Pois      0%         N/A       100%        5


Dungeon Overview and Level Annotations

Branches:
Dungeon (3/15)

Altars:


Innate Abilities, Weirdness & Mutations

You have a pair of horns on your head.
You reflexively headbutt those who attack you in melee.


Message History

The gnoll shaman hits you with a +0 club.
The gnoll shaman mumbles some strange prayers to its god against you.
You are outlined in light.
It was a potion of heal wounds.
You feel much better.
The gnoll shaman hits you with a +0 club.
You block the gnoll's attack.
You barely miss the gnoll shaman. You headbutt the gnoll shaman.
The gnoll shaman is lightly wounded.
You block the gnoll shaman's attack. You block the gnoll's attack.
The gnoll shaman hits you but does no damage.
You hit the gnoll shaman but do no damage.
You block the gnoll's attack. You block the gnoll shaman's attack.
You hit the gnoll shaman. You headbutt the gnoll shaman.
The gnoll shaman is heavily wounded.
The gnoll barely misses you. The gnoll shaman barely misses you.
You slash the gnoll shaman!
You headbutt the gnoll shaman, but do no damage.
The gnoll shaman is severely wounded.
The gnoll barely misses you.
The gnoll shaman hits you but does no damage.
You barely miss the gnoll shaman. Your headbutt misses the gnoll shaman.
The gnoll shaman is severely wounded.
The gnoll misses you.
The gnoll shaman hits you with a +0 club!
The gnoll barely misses you.
You barely miss the gnoll shaman.
The gnoll shaman is severely wounded.
The gnoll shaman mumbles some strange prayers to its god.
The gnoll shaman is healed somewhat.
The gnoll hits you but does no damage. The gnoll shaman closely misses you.
You hit the gnoll shaman but do no damage.
The gnoll shaman is heavily wounded.
The gnoll hits you from afar with a +4 halberd!
The gnoll shaman hits you with a +0 club!
You closely miss the gnoll shaman.
The gnoll shaman is heavily wounded.
The gnoll hits you from afar with a +4 halberd!
* * * LOW HITPOINT WARNING * * *
The gnoll shaman hits you with a +0 club!
You die...

############### ...
#....@g........ ..
#######g###### ..
##.## #. ########
#≈g≈# #.. #......#
#g.≈# #.##......#
#≈.≈# #..#......#
#≈g≈#
#........####≈.≈#
#######.........#≈†≈#


You could see a gnoll shaman and a gnoll.

Vanquished Creatures
  Terence (D:3)
  3 gnolls (D:2)
  An adder (D:2)
  A worm (D:3)
  2 dart slugs
  A ball python (D:1)
  5 bats
  3 endoplasms (D:1)
  5 hobgoblins (D:1)
  6 kobolds
  5 quokkas
  4 frilled lizards (D:1)
  8 goblins
  5 rats
50 creatures vanquished.

Vanquished Creatures (others)
  A withered plant (D:1)
1 creature vanquished.

Grand Total: 51 creatures vanquished

Notes
Turn   | Place    | Note
-------+----------+-------------------------------------------
     0 | D:1      | boopmooplesden the Minotaur Fighter began the quest for the
                  | Orb.
     0 | D:1      | Reached XP level 1. HP: 19/19 MP: 0/0
    62 | D:1      | Reached XP level 2. HP: 18/27 MP: 1/1
   458 | D:1      | Reached XP level 3. HP: 33/33 MP: 2/2
   788 | D:1      | Found a faded altar of an unknown god.
   890 | D:2      | Reached XP level 4. HP: 11/40 MP: 3/3
  1422 | D:2      | Identified the +1 helmet of Beogh's Supremacy {rC+ rN+++
                  | Int+4 Stlth+}
  1607 | D:3      | Noticed Terence
  1621 | D:3      | Killed Terence
  1708 | D:3      | Slain by a gnoll shaman

Illustrated notes

Levels and vault maps discovered:
D:1:      amcnicky_arrival_gap_in_the_tavern_cellar, layout_rooms,
          shapermc_ecumenical_altar_flowoftime, minmay_hexomino_u4
D:2:      layout_rooms
D:3:      layout_rooms, minitemple, amcnicky_mini_rare_corridor_liquid,
          uniq_terence

Skill      XL: |  1  2  3  4 |
---------------+-------------+-----
Armour         | 4 |  4.4
Fighting       | 4 |  4.4
Shields        | 4 |  4.1
Long Blades    | 3 4 |  4.1
Dodging        | |  0.7
Stealth        | |  0.2

Action                   |  1- 3 |  4- 6 || total
-------------------------+-------+-------++-------
Melee: Long sword        |    67 |    41 ||   108
       Headbutt          |     5 |     8 ||    13
  Use: Potion            |     1 |     1 ||     2
Armor: Scale mail        |    38 |    18 ||    56
Dodge: Dodged            |    33 |    15 ||    48
Block: Buckler           |    22 |    15 ||    37
